 Dungeon Crawl Stone Soup version 0.29-a0-222-g5b244fca1f (webtiles) character file.

Game seed: 10415518991155471200

15924 Crownlay the Thaumaturge (level 12, -15/71 HPs)
             Began as a Gargoyle Earth Elementalist on Feb 27, 2022.
             Was an Elder of Vehumet.
             Killed from afar by Fannar (34 damage)
             ... with a bolt of cold
             ... on level 11 of the Dungeon.
             The game lasted 00:25:23 (13710 turns).

Crownlay the Thaumaturge (GrEE)                    Turns: 13710, Time: 00:25:24

Health: -15/71     AC: 14    Str: 16    XL:     12   Next: 32%
Magic:  9/30       EV: 11    Int: 21    God:    Vehumet [****..]
Gold:   836        SH:  5    Dex: 10    Spells: 33/39 levels left

rFire   + . .      SeeInvis .   i - +7 hunting sling (elec)
rCold   . . .      Faith    .   (no shield)
rNeg    + . .      Spirit   .   b - +0 robe
rPois   ∞          Reflect  +   C - +0 helmet
rElec   +          Harm     .   o - +0 cloak
rCorr   +          Rampage  .   (no gloves)
Will    +....                   F - +1 pair of boots
Stlth   ++........              k - amulet of reflection
HPRegen 0.21/turn               v - ring of resist corrosion
MPRegen 0.22/turn               B - ring "Tulia" {rF+ Will+ Str+4}

@: no status effects
A: sickness immunity, AC +8, negative energy resistance 1, electricity
resistance, torment resistance 1, petrification resistance
a: Renounce Religion


You were on level 11 of the Dungeon.
You worshipped Vehumet.
Vehumet was greatly pleased with you.
You visited 2 branches of the dungeon, and saw 12 of its levels.
You also visited: Bailey.

You collected 864 gold pieces.
You spent 28 gold pieces at shops.

Inventory:

Hand Weapons
 i - a +7 hunting sling of electrocution (weapon)
 S - the +3 long sword "Wutouwk" {vorpal, rF+ rN+ Dex+2}
   (You found it on level 9 of the Dungeon)

   It inflicts extra damage upon your enemies.
   Dex:       It affects your dexterity (+2).
   rF:        It protects you from fire.
   rN:        It protects you from negative energy.
Missiles
 a - 31 stones
Armour
 b - a +0 robe (worn)
 o - a +0 cloak (worn)
 C - a +0 helmet (worn)
 F - a +1 pair of boots (worn)
Magical Staves
 l - a staff of fire
 J - a staff of cold
Jewellery
 k - an amulet of reflection (around neck)
 v - a ring of resist corrosion (left hand)
 y - an amulet of regeneration
 B - the ring "Tulia" (right hand) {rF+ Will+ Str+4}
   (You found it on level 4 of the Dungeon)

   [ring of willpower]

   Str:       It affects your strength (+4).
   rF:        It protects you from fire.
   Will:      It increases your willpower.
 D - a +4 ring of protection
Wands
 d - a wand of digging (8)
 G - a wand of flame (30)
 L - a wand of iceblast (33)
 O - a wand of mindburst (18)
 Q - a wand of polymorph (6)
Scrolls
 c - 3 scrolls of brand weapon
 h - 6 scrolls of teleportation
 m - 2 scrolls of vulnerability {unknown}
 n - 3 scrolls of summoning
 r - 2 scrolls of fear
 t - 4 scrolls of blinking
 u - a scroll of silence {unknown}
 E - 2 scrolls of enchant armour {unknown}
 I - 3 scrolls of amnesia
 K - a scroll of magic mapping {unknown}
 P - a scroll of fog {unknown}
 R - a scroll of holy word {unknown}
Potions
 e - a potion of magic {unknown}
 f - 6 potions of curing
 g - 2 potions of heal wounds {unknown}
 j - 4 potions of brilliance {unknown}
 p - a potion of cancellation {unknown}
 q - a potion of invisibility
 s - 3 potions of berserk rage {unknown}
 w - a potion of might {unknown}
 x - 12 potions of ambrosia
 z - a potion of degeneration {unknown}
 A - 2 potions of attraction {unknown}
 H - 2 potions of lignification {unknown}
 M - a potion of flight
 N - a potion of resistance {unknown}


   Skills:
 + Level 6.4 Fighting
 - Level 1.5 Dodging
 - Level 2.1 Stealth
 * Level 14.2 Spellcasting
 + Level 6.4 Conjurations
 - Level 0.7 Transmutations
 - Level 11.5 Earth Magic


You had 33 spell levels left.
You knew the following spells:

 Your Spells              Type           Power      Damage    Failure   Level
a - Sandblast             Erth           100%       2d20      1%          1
b - Passwall              Tmut/Erth      33%        N/A       1%          2
c - Stone Arrow           Conj/Erth      100%       3d13      1%          3

Your spell library contained the following spells:

 Spells                   Type           Power      Damage    Failure   Level
 Freezing Cloud           Conj/Ice/Air   11%        6-21      13%         5
 Petrify                  Tmut/Erth      40%        N/A       3%          4
 Summon Small Mammal      Summ           56%        N/A       4%          1
 Borgnjor's Vile Clutch   Necr/Erth      19%        N/A       11%         5
 Call Canine Familiar     Summ           14%        N/A       13%         3
 Confusing Touch          Hex            14%        N/A       13%         3
 Summon Guardian Golem    Hex/Summ       14%        N/A       13%         3
 Tukima's Dance           Hex            14%        N/A       13%         3
 Yara's Violent Unravell  Hex/Tmut       8%         3d5       26%         5
 Anguish                  Hex/Necr       7%         N/A       38%         4
 Alistair's Intoxication  Tmut/Pois      10%        N/A       71%         5
 Eringya's Noxious Bog    Tmut/Pois      8%         N/A       78%         6
 Enfeeble                 Hex            7%         N/A       100%        7
 Borgnjor's Revivificati  Necr           7%         N/A       100%        8
 Necromutation            Tmut/Necr      8%         N/A       100%        8
 Death's Door             Necr           7%         N/A       100%        9


Dungeon Overview and Level Annotations

Branches:
Dungeon (11/15)            Temple (1/1) D:6            Lair (0/6) D:8
    Orc (0/2) D:9          Bailey (visited)

Altars:
Ashenzari
Elyvilon
Fedhas
Gozag
Hepliaklqana
Makhleb
Nemelex Xobeh
Okawaru
Qazlal
Ru
Sif Muna
Trog
Uskayaw
Vehumet
Wu Jian
Xom
Yredelemnul
Zin
The Shining One

Shops:
D:2 (?   D:5 [

Annotations:
D:11 Fannar


Innate Abilities, Weirdness & Mutations

You are immune to sickness and miasma.
Your stone body is resilient. (AC +8)
You are immune to poison.
You resist negative energy. (rN+)
You are resistant to electric shocks. (rElec)
You are resistant to unholy torment.
You are immune to petrification.


Message History

Press: ? - help, Shift-Dir - straight line, f/p - skeletal warrior
Aim: a skeletal warrior, wielding a +0 scimitar and wearing a +0 crystal plate armour (almost destroyed, 87% to hit)
The stone arrow hits the skeletal warrior!
You destroy the skeletal warrior!
Vehumet accepts your kill.
You feel your power returning.
You start resting.
Fannar is nearby!
Casting: Stone Arrow (safe; 1% risk of failure)
Confirm with . or Enter, or press ? or * to list all spells.
Aiming: Stone Arrow (safe; 1% risk of failure)
Press: ? - help, Shift-Dir - straight line, f - Fannar
Aim: Fannar, wielding a +0 quarterstaff of freezing, wearing a +1 robe of cold resistance and wearing a ring of ice (wandering, hasn't noticed you, 63% to hit)
The stone arrow misses Fannar.
Fannar shouts!
Casting: Stone Arrow (safe; 1% risk of failure)
Confirm with . or Enter, or press ? or * to list all spells.
Aiming: Stone Arrow (safe; 1% risk of failure)
Press: ? - help, Shift-Dir - straight line, f/p - Fannar
Aim: Fannar, wielding a +0 quarterstaff of freezing, wearing a +1 robe of cold resistance and wearing a ring of ice (63% to hit)
The stone arrow hits Fannar!
Fannar is lightly wounded.
Casting: Stone Arrow (safe; 1% risk of failure)
Confirm with . or Enter, or press ? or * to list all spells.
Aiming: Stone Arrow (safe; 1% risk of failure)
Press: ? - help, Shift-Dir - straight line, f/p - Fannar
Aim: Fannar, wielding a +0 quarterstaff of freezing, wearing a +1 robe of cold resistance and wearing a ring of ice (lightly wounded, 63% to hit)
The stone arrow hits Fannar!
Fannar is moderately wounded.
Fannar mumbles some strange words.
Casting: Stone Arrow (safe; 1% risk of failure)
Confirm with . or Enter, or press ? or * to list all spells.
Aiming: Stone Arrow (safe; 1% risk of failure)
Press: ? - help, Shift-Dir - straight line, f/p - Fannar
Aim: Fannar, wielding a +0 quarterstaff of freezing, wearing a +1 robe of cold resistance and wearing a ring of ice (moderately wounded, 63% to hit)
The stone arrow hits Fannar!
Fannar is moderately wounded.
Fannar points at you and mumbles some strange words.
The bolt of cold hits you!!
You die...

.....## #......#
#.<.## ###.####
##'## #.#
##.###### #.#
........# #.#
##.####.# #.#
#...###.# #.#
.....##.#####Y####
#...###........e@#
# ##.##
##########.##.##.#
# #?# #.)...... #
#[# ####.##.# #[#
# #.# ###### #.#
##....# #.#
##########
###...#.# ##.###
#........#
#.#...#.#


You could see Fannar and an ice beast (summoned).

Vanquished Creatures
  A hydra (D:11)
  5 two-headed ogres
  A skeletal warrior (D:11)
  A manticore (D:11)
  Joseph (D:7)
  2 gargoyles
  A kobold demonologist (D:10)
  3 hornets
  A troll (D:9)
  A queen bee (D:9)
  Prince Ribbit (D:7)
  Sigmund (D:5)
  3 shadows
  9 yaks
  6 vampire mosquitoes
  An acid dragon (D:11)
  Edmund (D:5)
  9 orc warriors
  3 ice beasts (D:6)
  A sky beast (D:5)
  A black bear (D:3)
  5 ogres
  4 wolves (Bailey)
  A necrophage (D:6)
  3 centaurs
  6 kobold brigands
  3 bullfrogs
  9 gnoll sergeants
  A scorpion (D:5)
  31 killer bees
  2 howler monkeys (D:8)
  3 hounds
  3 jellies
  6 gnoll shamans
  6 orc priests
  3 iguanas
  6 orc wizards
  Robin (D:4)
  17 gnolls
  11 adders
  2 white imps
  2 ufetubi
  2 worms
  3 dart slugs
  32 orcs
  4 endoplasms
  A giant cockroach (D:4)
  22 goblins
  8 hobgoblins
  8 jackals
  6 quokkas
  11 ball pythons
  3 bats
  3 frilled lizards (D:2)
  34 kobolds
  5 rats
320 creatures vanquished.

Notes
Turn   | Place    | Note
-------+----------+-------------------------------------------
     0 | D:1      | Crownlay the Gargoyle Earth Elementalist began the quest
                  | for the Orb.
     0 | D:1      | Reached XP level 1. HP: 10/10 MP: 3/3
   118 | D:1      | Reached XP level 2. HP: 15/15 MP: 0/5
   123 | D:1      | Found a faded altar of an unknown god.
  1173 | D:2      | Found Fobuo's Magic Scroll Shoppe.
  1175 | D:2      | Reached XP level 3. HP: 19/19 MP: 7/7
  1189 | D:2      | Learned a level 2 spell: Passwall
  1193 | D:2      | Learned a level 3 spell: Stone Arrow
  1302 | D:2      | Bought a scroll of identify for 28 gold pieces
  1379 | D:2      | Found an ornate altar of the Wu Jian Council.
  1419 | D:2      | Reached skill level 3 in Spellcasting
  1793 | D:2      | Found Womot's Weapon Emporium.
  1831 | D:2      | Reached XP level 4. HP: 24/24 MP: 9/9
  2437 | D:3      | Reached skill level 4 in Spellcasting
  2437 | D:3      | Reached XP level 5. HP: 25/28 MP: 9/11
  2737 | D:3      | Reached skill level 5 in Earth Magic
  2944 | D:3      | Noticed a black bear
  2948 | D:3      | Killed a black bear
  2949 | D:3      | Reached XP level 6. HP: 32/32 MP: 10/13
  3350 | D:4      | Reached skill level 5 in Spellcasting
  3697 | D:4      | Identified the ring "Tulia" {rF+ Will+ Str+4}
  3871 | D:4      | Reached XP level 7. HP: 36/36 MP: 13/15
  4154 | D:4      | Reached skill level 6 in Spellcasting
  4173 | D:4      | Noticed Robin
  4180 | D:4      | Killed Robin
  4709 | D:5      | Entered Level 5 of the Dungeon
  4915 | D:5      | Reached XP level 8. HP: 41/41 MP: 15/18
  4976 | D:5      | Reached skill level 7 in Spellcasting
  5056 | D:5      | Noticed Edmund
  5064 | D:5      | Killed Edmund
  5199 | D:5      | Noticed Sigmund
  5202 | D:5      | Killed Sigmund
  5295 | D:5      | Found Egarimah's Armour Boutique.
  5385 | D:5      | Reached skill level 8 in Spellcasting
  5565 | D:6      | Found a staircase to the Ecumenical Temple.
  5677 | Temple   | Entered the Ecumenical Temple
  5800 | Temple   | Became a worshipper of Vehumet
  6052 | D:6      | Reached XP level 9. HP: 45/45 MP: 14/21
  6107 | D:6      | Noticed a hornet
  6112 | D:6      | Killed a hornet
  6113 | D:6      | Reached skill level 9 in Spellcasting
  6232 | D:6      | Identified the +1 ring mail of Wisdom {Stlth+}
  6591 | D:7      | Noticed Prince Ribbit
  6594 | D:7      | Killed Prince Ribbit
  6769 | D:7      | Reached * piety under Vehumet
  6769 | D:7      | Offered knowledge of Shock by Vehumet.
  6783 | D:7      | Found a flagged portal.
  6808 | Bailey   | Entered a bailey
  7005 | Bailey   | HP: 2/45 [gnoll sergeant/+0 halberd (2)]
  7305 | Bailey   | Reached skill level 10 in Spellcasting
  7490 | Bailey   | Reached skill level 10 in Earth Magic
  7581 | Bailey   | Reached XP level 10. HP: 26/50 MP: 11/24
  7864 | Bailey   | Identified the +0 flail of Dividends {vorpal, rElec}
  8128 | D:7      | Noticed Joseph
  8134 | D:7      | Killed Joseph
  8135 | D:7      | Reached skill level 11 in Spellcasting
  8717 | D:7      | Offered knowledge of Foxfire by Vehumet.
  9244 | D:8      | Found a staircase to the Lair.
  9265 | D:8      | Reached ** piety under Vehumet
  9853 | D:9      | Noticed a two-headed ogre
  9856 | D:9      | Killed a two-headed ogre
  9881 | D:9      | Noticed a two-headed ogre
  9889 | D:9      | Killed a two-headed ogre
  9890 | D:9      | Reached skill level 12 in Spellcasting
 10187 | D:9      | Reached skill level 1 in Fighting
 10187 | D:9      | Reached skill level 1 in Conjurations
 10204 | D:9      | Reached XP level 11. HP: 27/57 MP: 12/27
 10608 | D:9      | Offered knowledge of Mephitic Cloud by Vehumet.
 10774 | D:9      | Found a staircase to the Orcish Mines.
 11086 | D:9      | Identified the +3 long sword "Wutouwk" {vorpal, rF+ rN+
                  | Dex+2}
 11205 | D:10     | Entered Level 10 of the Dungeon
 11223 | D:10     | Reached *** piety under Vehumet
 11337 | D:10     | Offered knowledge of Iskenderun's Mystic Blast by Vehumet.
 11677 | D:10     | Reached skill level 13 in Spellcasting
 11678 | D:10     | Reached **** piety under Vehumet
 11841 | D:10     | Found a hide-covered altar of Uskayaw.
 12115 | D:11     | Offered knowledge of Freezing Cloud by Vehumet.
 12458 | D:11     | Noticed a manticore
 12461 | D:11     | Killed a manticore
 12462 | D:11     | Reached skill level 5 in Fighting
 12462 | D:11     | Reached skill level 5 in Conjurations
 12513 | D:11     | Noticed Fannar
 12524 | D:11     | Noticed a two-headed ogre
 12528 | D:11     | Killed a two-headed ogre
 12842 | D:11     | Noticed a six-headed hydra
 12852 | D:11     | Killed a six-headed hydra
 12853 | D:11     | Reached XP level 12. HP: 58/69 MP: 29/29
 13090 | D:11     | Noticed a two-headed ogre
 13090 | D:11     | Noticed a two-headed ogre
 13096 | D:11     | Killed a two-headed ogre
 13103 | D:11     | Killed a two-headed ogre
 13104 | D:11     | Reached skill level 14 in Spellcasting
 13630 | D:11     | HP: 2/71 [skeletal warrior/+0 scimitar (15)]
 13710 | D:11     | Killed from afar by Fannar

Illustrated notes

Levels and vault maps discovered:
D:1:      co_arrival_square_in_a_square_in_a_square, layout_basic,
          ebering_ecumenical_altar_mist, minivault_19,
          minmay_misc_feat_more_columns
D:2:      kennysheep_six_static_rooms, layout_rooms, basic_altar, serial_shops,
          shop, shop, minmay_quantized
D:3:      layout_loops_ring
D:4:      layout_loops_corners, dk_noncrumbling_4, uniq_robin
D:5:      layout_basic, serial_shops, shop, minmay_misc_feat_secret_circle,
          sigmund_edmund_badplayer
D:6:      layout_rooms, minmay_temple_entry_butterflies,
          kennysheep_generic_room_9
D:7:      layout_loops_corners, enter_bailey_5, uniq_joseph, uniq_prince_ribbit1
D:8:      layout_basic, lair_entry_dummy
D:9:      layout_basic, david_orc_1_choice, special_room [special_room_bee],
          kennysheep_nub
D:10:     layout_gridville, amcnicky_altar_gilded, kennysheep_generic_room_13
D:11:     hangedman_cross_veins, layout_loops_corners, uniq_fannar
Temple:   mainiacjoe_temple_circle_huts

Skill      XL: |  1  2  3  4  5  6  7  8  9 10 11 12 |
---------------+-------------------------------------+-----
Earth Magic    | 4 5 6 7 8 10 11 | 11.5
Spellcasting   | 3 4 5 6 8 10 12 13 14 | 14.2
Fighting       | 1 5 6 |  6.4
Conjurations   | 1 5 6 |  6.4
Dodging        | |  1.5
Stealth        | |  2.1
Transmutations | |  0.7

Action                   |  1- 3 |  4- 6 |  7- 9 | 10-12 || total
-------------------------+-------+-------+-------+-------++-------
Melee: Hand axe          |    17 |       |       |       ||    17
 Fire: Hunting sling     |    82 |    96 |   155 |   121 ||   454
Throw: Throwing net      |       |       |       |     2 ||     2
 Cast: Sandblast         |     5 |    17 |    76 |   167 ||   265
       Stone Arrow       |       |       |    49 |    87 ||   136
  Use: Scroll            |     2 |     6 |     4 |     5 ||    17
       Potion            |       |       |     2 |     1 ||     3
Armor: Robe              |    34 |    17 |    49 |    57 ||   157
Dodge: Dodged            |    36 |    38 |   101 |    82 ||   257
Block: Other             |       |    15 |    36 |    39 ||    90
       Reflection        |       |       |       |    10 ||    10

Table legend: (Time is in decaauts)
 A = Elapsed time spent in this place.
 B = Non-inter-level travel time spent in this place.
 C = Inter-level travel time spent in this place.
 D = Time resting spent in this place.
 E = Time spent auto-exploring this place.
 F = Levels seen in this place.
 G = Mean time per level.
                   A        B        C        D        E       F      G
               +--------+--------+--------+--------+--------+-----+--------+
         Total |  13942 |  13634 |    308 |   1170 |  10005 |  13 | 1072.5 |
       Dungeon |  12513 |  12224 |    289 |    356 |   9785 |  11 | 1137.5 |
        Temple |    142 |    123 |     19 |      0 |     99 |   1 |  142.0 |
        Bailey |   1285 |   1285 |      0 |    814 |    121 |   1 | 1285.0 |
               +--------+--------+--------+--------+--------+-----+--------+

Top non-repeatable levels by time:
     D:4: 1519 daAuts
    D:10: 1437 daAuts
     D:9: 1360 daAuts
  Bailey: 1285 daAuts
     D:2: 1199 daAuts
     D:1: 1186 daAuts
     D:7: 1149 daAuts
    D:11: 1102 daAuts
     D:5: 950 daAuts
     D:3: 934 daAuts
     D:8: 901 daAuts
     D:6: 772 daAuts
  Temple: 142 daAuts
